% Time on Ice - PHOENIX MUSTANGS
Lines # - Real PCT - Wanted PCT - Time Play
Normal Forward
1 - 32% - 37% - 16:50
2 - 29% - 31% - 15:09
3 - 23% - 26% - 12:08
4 - 15% - 6% - 7:43
Normal Defense
1 - 37% - 42% - 19:22
2 - 31% - 31% - 15:54
3 - 24% - 17% - 12:12
4 - 8% - 10% - 4:22
PP Forward
1 - 46% - 55% - 2:50
2 - 54% - 45% - 3:21
PP Defense
1 - 98% - 55% - 6:04
2 - 2% - 45% - 0:07
PK Forward
1 - 55% - 55% - 1:05
2 - 45% - 45% - 0:54
PK Defense
1 - 61% - 55% - 1:12
2 - 39% - 45% - 0:47
PK3 Forward
1 - 0% - 55%
2 - 0% - 45%
PK3 Defense
1 - 0% - 55%
2 - 0% - 45%
44 Forward
1 - 83% - 55% - 1:27
2 - 17% - 45% - 0:18
44 Defense
1 - 73% - 55% - 1:17
2 - 27% - 45% - 0:28
Last Minute Offensive  - 0:00
Last Minute Defensive  - 0:00
Total
Forward - 61:45
Defense - 61:45
% Time on Ice - SEATTLE GRUNGE
Lines # - Real PCT - Wanted PCT - Time Play
Normal Forward
1 - 25% - 25% - 13:05
2 - 24% - 25% - 12:14
3 - 27% - 25% - 13:57
4 - 24% - 25% - 12:34
Normal Defense
1 - 33% - 34% - 16:51
2 - 35% - 33% - 17:56
3 - 33% - 33% - 17:03
4 - 0% - 0% - 0:00
PP Forward
1 - 44% - 55% - 0:52
2 - 56% - 45% - 1:07
PP Defense
1 - 44% - 55% - 0:52
2 - 56% - 45% - 1:07
PK Forward
1 - 59% - 55% - 3:38
2 - 41% - 45% - 2:33
PK Defense
1 - 51% - 55% - 3:11
2 - 49% - 45% - 3:00
PK3 Forward
1 - 70% - 55% - 1:14
2 - 30% - 45% - 0:31
PK3 Defense
1 - 12% - 55% - 0:13
2 - 88% - 45% - 1:32
44 Forward
1 - 0% - 55%
2 - 0% - 45%
44 Defense
1 - 0% - 55%
2 - 0% - 45%
Last Minute Offensive  - 0:00
Last Minute Defensive  - 0:00
Total
Forward - 61:45
Defense - 61:45
Play-by-Play 1st period 0:01 of 1st period - Alex Belzile wins face-off versus Nicklas Backstrom in neutral zone. 0:04 of 1st period - Erik Karlsson is hit by Alex Belzile and loses puck. 0:30 of 1st period - Icing by Erik Karlsson. 0:31 of 1st period - Chris Tierney wins face-off versus Nicklas Backstrom in PHOENIX MUSTANGS zone. 0:48 of 1st period - Shot by Brandon Saad. 0:48 of 1st period - Shot Misses the Net. 1:26 of 1st period - Shot by Phil Kessel. 1:26 of 1st period - Deflect By Kevin Hayes. 1:26 of 1st period - Stopped by Semyon Varlamov without a rebound. 1:27 of 1st period - Jeff Carter wins face-off versus Oskar Sundqvist in SEATTLE GRUNGE zone. 2:11 of 1st period - Icing by Oskar Sundqvist. 2:12 of 1st period - Kevin Hayes wins face-off versus Oskar Sundqvist in SEATTLE GRUNGE zone. 2:16 of 1st period - Icing by Travis Sanheim. 2:17 of 1st period - Kevin Hayes wins face-off versus Oskar Sundqvist in SEATTLE GRUNGE zone. 2:27 of 1st period - Icing by Oskar Sundqvist. 2:28 of 1st period - Andrew Copp wins face-off versus Oskar Sundqvist in SEATTLE GRUNGE zone. 3:46 of 1st period - Shot by Josh Bailey. 3:46 of 1st period - Shot Misses the Net. 3:48 of 1st period - Shot by Rasmus Dahlin. 3:48 of 1st period - Stopped by Corey Crawford without a rebound. 3:49 of 1st period - Kevin Hayes wins face-off versus Chris Tierney in PHOENIX MUSTANGS zone. 5:07 of 1st period - T.J. Oshie is hit by Travis Sanheim and loses puck. 6:20 of 1st period - Shot by Kevin Hayes. 6:20 of 1st period - Stopped by Semyon Varlamov with a rebound. 6:22 of 1st period - Shot by Justin Faulk. 6:22 of 1st period - Shot Misses the Net. 6:32 of 1st period - Shot by Alexander Steen. 6:32 of 1st period - Stopped by Semyon Varlamov without a rebound. 6:33 of 1st period - Andrew Copp wins face-off versus Zemgus Girgensons in SEATTLE GRUNGE zone. 6:33 of 1st period - Andrew Copp is hit by Roman Josi. 7:38 of 1st period - Shot by Oskar Sundqvist. 7:38 of 1st period - Shot Misses the Net. 8:12 of 1st period - Icing by Justin Faulk. 8:13 of 1st period - Chris Tierney wins face-off versus Andrew Copp in PHOENIX MUSTANGS zone. 8:36 of 1st period - Michael Frolik is hit by Fredrik Claesson and loses puck. 8:40 of 1st period - Icing by Erik Karlsson. 8:41 of 1st period - Nicklas Backstrom wins face-off versus Zemgus Girgensons in PHOENIX MUSTANGS zone. 8:57 of 1st period - Icing by Teuvo Teravainen. 8:58 of 1st period - Chris Tierney wins face-off versus Nicklas Backstrom in PHOENIX MUSTANGS zone. 9:03 of 1st period - Shot by Brandon Saad. 9:03 of 1st period - Stopped by Corey Crawford without a rebound. 9:04 of 1st period - Jeff Carter wins face-off versus Zemgus Girgensons in PHOENIX MUSTANGS zone. 9:04 of 1st period - Jeff Carter is hit by Zemgus Girgensons. 9:11 of 1st period - Kevin Labanc is hit by Seth Jones and loses puck. 9:56 of 1st period - T.J. Oshie is hit by Zemgus Girgensons and loses puck. 10:09 of 1st period - Shot by Teuvo Teravainen. 10:09 of 1st period - Deflect By Nicklas Backstrom. 10:09 of 1st period - Shot Blocked by Rasmus Dahlin. 10:24 of 1st period - Shot by Vladimir Sobotka. 10:24 of 1st period - Stopped by Corey Crawford without a rebound. 10:25 of 1st period - Kevin Hayes wins face-off versus Chris Tierney in PHOENIX MUSTANGS zone. 10:36 of 1st period - Shot by Phil Kessel. 10:36 of 1st period - Stopped by Semyon Varlamov without a rebound. 10:37 of 1st period - Alex Belzile wins face-off versus Alexander Steen in SEATTLE GRUNGE zone. 11:11 of 1st period - Alexander Steen is hit by Damon Severson and loses puck. 11:16 of 1st period - Shot by Phil Kessel. 11:16 of 1st period - Shot Misses the Net. 11:44 of 1st period - Shot by T.J. Oshie. 11:44 of 1st period - Shot Misses the Net. 11:46 of 1st period - Shot by Teuvo Teravainen. 11:46 of 1st period - Shot Misses the Net. 11:48 of 1st period - Shot by Dennis Cholowski. 11:48 of 1st period - Stopped by Semyon Varlamov without a rebound. 11:49 of 1st period - Jeff Carter wins face-off versus Chris Tierney in SEATTLE GRUNGE zone. 12:28 of 1st period - Shot by Chris Tierney. 12:28 of 1st period - Stopped by Corey Crawford without a rebound. 12:29 of 1st period - Nicklas Backstrom wins face-off versus Oskar Sundqvist in PHOENIX MUSTANGS zone. 13:07 of 1st period - Shot by T.J. Oshie. 13:07 of 1st period - Shot Misses the Net. 13:09 of 1st period - Shot by Teuvo Teravainen. 13:09 of 1st period - Shot Blocked by Travis Sanheim. 13:11 of 1st period - Shot by T.J. Oshie. 13:11 of 1st period - Deflect By Nicklas Backstrom. 13:11 of 1st period - Shot Blocked by Travis Sanheim. 13:45 of 1st period - Shot by Phil Kessel. 13:45 of 1st period - Shot Misses the Net. 13:48 of 1st period - Icing by Roman Josi. 13:49 of 1st period - Jeff Carter wins face-off versus Zemgus Girgensons in SEATTLE GRUNGE zone. 14:48 of 1st period - Shot by Teuvo Teravainen. 14:48 of 1st period - Stopped by Semyon Varlamov without a rebound. 14:49 of 1st period - Chris Tierney wins face-off versus Kevin Hayes in SEATTLE GRUNGE zone. 14:49 of 1st period - Chris Tierney is hit by Alexander Steen. 14:59 of 1st period - Alexander Steen is hit by Brandon Saad and loses puck. 17:32 of 1st period - Icing by Brandon Saad. 17:33 of 1st period - Chris Tierney wins face-off versus Kevin Hayes in SEATTLE GRUNGE zone. 17:54 of 1st period - Shot by Alexander Steen. 17:54 of 1st period - Stopped by Semyon Varlamov without a rebound. 17:55 of 1st period - Teuvo Teravainen wins face-off versus Alex Belzile in SEATTLE GRUNGE zone. 17:56 of 1st period - Shot by Nicklas Backstrom. 17:56 of 1st period - Deflect By Teuvo Teravainen. 17:56 of 1st period - Shot Blocked by Matthew Grzelcyk. 18:04 of 1st period - Shot by T.J. Oshie. 18:04 of 1st period - Stopped by Semyon Varlamov without a rebound. 18:05 of 1st period - Nicklas Backstrom wins face-off versus Oskar Sundqvist in SEATTLE GRUNGE zone. 18:22 of 1st period - Vladimir Sobotka is hit by Nicklas Backstrom and loses puck. 18:36 of 1st period - Oskar Sundqvist is hit by Justin Faulk and loses puck. 19:15 of 1st period - Erik Karlsson is hit by Matthew Grzelcyk and loses puck. 19:36 of 1st period - Shot by Phil Kessel. 19:36 of 1st period - Stopped by Semyon Varlamov without a rebound. 19:37 of 1st period - Zemgus Girgensons wins face-off versus Jeff Carter in SEATTLE GRUNGE zone. 19:45 of 1st period - Off-side. 19:46 of 1st period - Jeff Carter wins face-off versus Zemgus Girgensons in neutral zone. 19:59 of 1st period - Shot by Kevin Labanc. 19:59 of 1st period - Stopped by Semyon Varlamov without a rebound. Goals for this period are 0 for PHOENIX MUSTANGS vs 0 for SEATTLE GRUNGE. Shots for this period are 10 for PHOENIX MUSTANGS vs 4 for SEATTLE GRUNGE. 2nd period 0:01 of 2nd period - Nicklas Backstrom wins face-off versus Alex Belzile in neutral zone. 0:18 of 2nd period - Shot by T.J. Oshie. 0:18 of 2nd period - Deflect By Nicklas Backstrom. 0:18 of 2nd period - Shot Misses the Net. 0:25 of 2nd period - Teuvo Teravainen is hit by Matthew Grzelcyk. 0:58 of 2nd period - Icing by Matthew Grzelcyk. 0:59 of 2nd period - Jeff Skinner wins face-off versus Kevin Hayes in SEATTLE GRUNGE zone. 0:59 of 2nd period - Jeff Skinner is hit by Phil Kessel. 1:02 of 2nd period - Icing by Josh Bailey. 1:03 of 2nd period - Kevin Hayes wins face-off versus Josh Bailey in SEATTLE GRUNGE zone. 1:03 of 2nd period - Alexander Steen is hit by Matthew Grzelcyk and loses puck. 1:08 of 2nd period - Shot by Phil Kessel. 1:08 of 2nd period - Shot Misses the Net. 1:10 of 2nd period - Shot by Alexander Steen. 1:10 of 2nd period - Shot Misses the Net. 1:12 of 2nd period - Shot by Alexander Steen. 1:12 of 2nd period - Stopped by Semyon Varlamov without a rebound. 1:13 of 2nd period - Jeff Carter wins face-off versus Zemgus Girgensons in SEATTLE GRUNGE zone. 1:13 of 2nd period - Jeff Carter is hit by Roman Josi. 1:15 of 2nd period - Shot by Christian Dvorak. 1:15 of 2nd period - Shot Blocked by Roman Josi. 1:21 of 2nd period - Shot by Kevin Labanc. 1:21 of 2nd period - Stopped by Semyon Varlamov with a rebound. 1:23 of 2nd period - Shot by Christian Dvorak. 1:23 of 2nd period - Stopped by Semyon Varlamov without a rebound. 1:24 of 2nd period - Kevin Hayes wins face-off versus Oskar Sundqvist in SEATTLE GRUNGE zone. 1:34 of 2nd period - Shot by Phil Kessel. 1:34 of 2nd period - Stopped by Semyon Varlamov with a rebound. 1:36 of 2nd period - Shot by Justin Faulk. 1:36 of 2nd period - Stopped by Semyon Varlamov without a rebound. 1:37 of 2nd period - Nicklas Backstrom wins face-off versus Zemgus Girgensons in SEATTLE GRUNGE zone. 1:37 of 2nd period - Nicklas Backstrom is hit by Rasmus Dahlin. 1:54 of 2nd period - Shot by Teuvo Teravainen. 1:54 of 2nd period - Shot Misses the Net. 3:14 of 2nd period - Roman Josi is hit by Alexander Steen and loses puck. 3:37 of 2nd period - Shot by Christian Dvorak. 3:37 of 2nd period - Shot Misses the Net. 4:09 of 2nd period - Shot by Jeff Skinner. 4:09 of 2nd period - Shot Misses the Net. 4:11 of 2nd period - Shot by Matthew Grzelcyk. 4:11 of 2nd period - Shot Misses the Net. 5:24 of 2nd period - Icing by Erik Karlsson. 5:25 of 2nd period - Nicklas Backstrom wins face-off versus Zemgus Girgensons in PHOENIX MUSTANGS zone. 5:56 of 2nd period - Shot by Teuvo Teravainen. 5:56 of 2nd period - Stopped by Se